Calgary Flames vs Colorado Rockies
Created - Friday, June 9, 2023 at 07:03
Goals
|
| Calgary Flames |
0 |
1 |
2 |
3 |
| Colorado Rockies |
0 |
2 |
2 |
4 |
|
Shots
|
| Calgary Flames |
7 |
10 |
15 |
32 |
| Colorado Rockies |
12 |
6 |
9 |
27 |
|
1st period
No Goal
Penalties :
Drew Doughty (CGY) for Interference (Minor) at 0:15, Timo Meier (CGY) for Holding Stick (Minor) at 14:27
2nd period
1. Colorado Rockies , Evgeny Kuznetsov 22 (Nikita Kucherov 54) at 0:54
2. Calgary Flames , Sebastian Aho 22 (Valeri Nichushkin 31, Zach Hyman 40) at 11:37
3. Colorado Rockies , David Pastrnak 33 (Shea Theodore 12) at 19:28
Penalties :
Travis Sanheim (CGY) for Interference (Minor) at 13:55
3rd period
4. Calgary Flames , Timo Meier 19 (Ryan McDonagh 13, Max Pacioretty 18) at 1:20
5. Colorado Rockies , Ryan O'Reilly 20 (Shea Theodore 13, Nick Schmaltz 30) at 4:10
6. Calgary Flames , Timo Meier 20 (Joel Eriksson Ek 27, Zach Hyman 41) at 16:18 (PP)
7. Colorado Rockies , Martin Fehervary 2 (Kyle Connor 30, Nikita Kucherov 55) at 16:56
Penalties :
Zach Werenski (COL) for Tripping (Minor) at 12:32, Quinn Hughes (COL) for Roughing (Minor) at 15:59
Goalie Stats
Sam Montembeault (CGY), 23 saves from 27 shots - (0.852), L, 8-8-2, 59:01 minutes
Andrei Vasilevskiy (COL), 29 saves from 32 shots - (0.906), W, 35-13-4, 60:00 minutes
Players Stats for Calgary Flames
Player Name G A P +/- PIM S H SB GA TA FO MP PP MP PK MP
------------------------------------------------------------------------------------
Drew Doughty 0 0 0 -2 2 1 0 0 0 1 0/0 22:54 1:23 1:43
Garnet Hathaway 0 0 0 0 0 0 1 0 0 0 0/0 6:35 0:00 0:00
J.T. Miller 0 0 0 0 0 4 2 0 0 2 15/21 17:13 0:53 0:06
Jeff Petry 0 0 0 -2 0 3 4 0 1 1 0/0 24:08 1:23 2:52
Joel Eriksson Ek 0 1 1 -3 0 4 0 0 1 0 1/2 14:43 1:11 0:00
Kris Russell 0 0 0 1 0 1 1 2 0 0 0/0 18:05 0:00 1:57
Logan Couture 0 0 0 -3 0 2 0 0 1 0 7/11 17:17 1:02 2:43
Mathieu Joseph 0 0 0 -3 0 0 1 2 0 0 0/0 15:46 0:19 1:32
Max Pacioretty 0 1 1 0 0 3 1 0 4 1 0/1 15:47 0:34 0:00
Nic Dowd 0 0 0 0 0 1 0 0 1 0 1/1 7:59 0:00 1:31
Oskar Lindblom 0 0 0 0 0 0 0 0 1 0 0/0 6:37 0:00 0:00
Ryan Ellis 0 0 0 -1 0 1 0 0 0 0 0/0 17:09 0:55 0:33
Ryan McDonagh 0 1 1 1 0 1 2 1 0 1 0/0 19:43 0:00 3:05
Sebastian Aho 1 0 1 1 0 5 2 1 1 0 11/20 19:17 0:00 2:41
Timo Meier 2 0 2 0 2 3 1 0 0 0 0/1 16:20 1:11 0:00
Travis Sanheim 0 0 0 -1 2 0 0 2 0 0 0/0 17:59 0:55 1:44
Valeri Nichushkin 0 1 1 1 0 1 1 1 0 0 0/1 16:10 0:42 0:23
Zach Hyman 0 2 2 1 0 2 1 2 1 0 0/0 20:18 1:02 2:58
Players Stats for Colorado Rockies
Player Name G A P +/- PIM S H SB GA TA FO MP PP MP PK MP
------------------------------------------------------------------------------------
David Pastrnak 1 0 1 1 0 5 0 0 0 0 0/0 19:40 2:36 0:00
Dylan Strome 0 0 0 0 0 0 1 0 1 0 1/4 10:03 0:01 0:00
Evgeny Kuznetsov 1 0 1 1 0 2 3 1 1 2 11/30 21:07 3:10 0:00
Jakub Vrana 0 0 0 0 0 2 0 0 1 0 0/0 6:36 0:00 0:00
Jesper Bratt 0 0 0 0 0 2 0 1 1 0 0/0 10:32 0:17 0:13
Kevin Hayes 0 0 0 0 0 0 2 0 0 0 0/0 7:59 0:00 1:23
Kyle Connor 0 1 1 1 0 2 2 0 1 1 0/1 21:33 3:14 0:16
Martin Fehervary 1 0 1 1 0 1 0 0 0 0 0/0 12:46 0:00 1:00
Nick Bonino 0 0 0 0 0 0 1 0 0 0 3/5 7:59 0:00 1:23
Nick Schmaltz 0 1 1 1 0 4 2 0 0 0 0/1 20:06 2:36 0:26
Nikita Kucherov 0 2 2 1 0 3 3 0 0 2 2/5 21:07 3:10 0:00
Quinn Hughes 0 0 0 1 2 0 0 1 0 0 0/0 15:44 2:19 1:00
Roman Josi 0 0 0 0 0 0 1 0 1 2 0/0 26:40 3:38 1:18
Ryan O'Reilly 1 0 1 1 0 4 1 0 0 1 5/9 20:02 2:36 0:16
Shea Theodore 0 2 2 1 0 0 3 2 0 0 0/0 18:15 0:00 0:00
Tim Stutzle 0 0 0 0 0 0 0 0 0 0 1/3 10:52 0:11 0:39
Victor Hedman 0 0 0 0 0 0 2 1 0 2 0/0 26:00 3:38 1:18
Zach Werenski 0 0 0 1 2 2 1 0 0 1 0/0 20:39 2:19 0:00
3 Stars
1 - Shea Theodore (COL)
2 - Evgeny Kuznetsov (COL)
3 - Nikita Kucherov (COL)
Power Play
Calgary Flames - 1 on 2 Attempt(s) - 50.00%
Colorado Rockies - 0 on 3 Attempt(s) - 0.00%
Penalty Kill
Calgary Flames - 3 on 3 Attempt(s) - 100.00%
- Score 0 goal in Penalty Kill
Colorado Rockies - 1 on 2 Attempt(s) - 50.00%
- Score 0 goal in Penalty Kill
Team Stat
Calgary Flames - Hits : 17 - Faceoff Wins : 35 - Blocked Shots : 11 - Penalty Minutes : 6
Colorado Rockies - Hits : 22 - Faceoff Wins : 23 - Blocked Shots : 6 - Penalty Minutes : 4
Official
Referees : Gord Dwyer and Trevor Hanson
Linesman : Tim Nowak and Shandor Alphonso
Game Notes
No Game Note
Finance
Level 1 -- Attendance: 6000 (100.00%) -- Ticket Income $540,000
Level 2 -- Attendance: 5000 (100.00%) -- Ticket Income $275,000
Level 3 -- Attendance: 2393 (79.77%) -- Ticket Income $83,755
Level 4 -- Attendance: 3519 (70.38%) -- Ticket Income $87,975
Luxury Box -- Attendance: 1000 (100.00%) -- Ticket Income $175,000
Game was played at the Pepsi Center.
Total Attendance: 17912 (89.56%)
Total Ticket Income: $1,161,730
Other Income: $406,606
Total Income: $1,568,336
Calgary Flames
5 vs 5 Forward
Center Left Wing Right Wing Time % Phy DF OF
1 J.T. Miller Max Pacioretty Timo Meier 34 0 0 5
2 Sebastian Aho Zach Hyman Valeri Nichushkin 33 0 0 5
3 Logan Couture Mathieu Joseph Joel Eriksson Ek 25 0 2 3
4 Nic Dowd Oskar Lindblom Garnet Hathaway 8 1 3 1
5 vs 5 Defense
Defense Defense Time % Phy DF OF
1 Drew Doughty Jeff Petry 30 0 3 2
2 Travis Sanheim Ryan Ellis 30 0 3 2
3 Ryan McDonagh Kris Russell 30 0 3 2
4 Drew Doughty Jeff Petry 10 0 3 2
PowerPlay Forward
Center Left Wing Right Wing Time % Phy DF OF
1 J.T. Miller Logan Couture Valeri Nichushkin 50 0 0 5
2 Joel Eriksson Ek Timo Meier Zach Hyman 50 0 0 5
PowerPlay Defense
Defense Defense Time % Phy DF OF
1 Drew Doughty Jeff Petry 50 0 2 3
2 Travis Sanheim Ryan Ellis 50 0 2 3
Penalty Kill 4 Players Forward
Center Wing Time % Phy DF OF
1 Logan Couture Zach Hyman 60 0 4 1
2 Sebastian Aho Mathieu Joseph 40 0 4 1
Penalty Kill 4 Players Defense
Defense Defense Time % Phy DF OF
1 Drew Doughty Jeff Petry 60 1 2 2
2 Travis Sanheim Ryan McDonagh 40 1 2 2
Penalty Kill - 3 Players Forward
Forward Time % Phy DF OF
1 Nic Dowd 60 0 5 0
2 Logan Couture 40 0 5 0
Penalty Kill - 3 Players Defense
Defense Defense Time % Phy DF OF
1 Drew Doughty Jeff Petry 60 1 2 2
2 Travis Sanheim Ryan McDonagh 40 1 2 2
4 vs 4 Forward
Center Wing Time % Phy DF OF
1 Joel Eriksson Ek Max Pacioretty 60 1 2 2
2 Logan Couture Timo Meier 40 1 2 2
4 vs 4 Defense
Defense Defense Time % Phy DF OF
1 Drew Doughty Jeff Petry 60 1 2 2
2 Travis Sanheim Ryan Ellis 40 1 2 2
Last Minutes Offensive
Center Left Wing Right Wing Defense Defense
J.T. Miller Sebastian Aho Zach Hyman Drew Doughty Jeff Petry
Last Minutes Defensive
Center Left Wing Right Wing Defense Defense
J.T. Miller Sebastian Aho Logan Couture Drew Doughty Ryan McDonagh
Goaltenders
Starting : Sam Montembeault
Backup : Thatcher Demko
Extra Forwards
Normal : Max Pacioretty, Mathieu Joseph, Timo Meier - PP : Max Pacioretty, Mathieu Joseph - PK : Nic Dowd
Extra Defensemen
Normal : Ryan McDonagh, Kris Russell, Travis Sanheim - PP : Ryan McDonagh - PK : Kris Russell, Travis Sanheim
Penalty Shots
J.T. Miller, Sebastian Aho, Valeri Nichushkin, Max Pacioretty, Joel Eriksson Ek
Colorado Rockies
5 vs 5 Forward
Center Left Wing Right Wing Time % Phy DF OF
1 Evgeny Kuznetsov Kyle Connor Nikita Kucherov 40 1 2 2
2 Ryan O'Reilly Nick Schmaltz David Pastrnak 33 1 2 2
3 Dylan Strome Tim Stutzle Jesper Bratt 20 1 2 2
4 Nick Bonino Jakub Vrana Kevin Hayes 7 1 2 2
5 vs 5 Defense
Defense Defense Time % Phy DF OF
1 Victor Hedman Roman Josi 42 1 2 2
2 Shea Theodore Zach Werenski 31 1 2 2
3 Quinn Hughes Martin Fehervary 20 1 2 2
4 Roman Josi Victor Hedman 7 1 2 2
PowerPlay Forward
Center Left Wing Right Wing Time % Phy DF OF
1 Evgeny Kuznetsov Kyle Connor Nikita Kucherov 58 1 1 3
2 Ryan O'Reilly Nick Schmaltz David Pastrnak 42 1 2 2
PowerPlay Defense
Defense Defense Time % Phy DF OF
1 Victor Hedman Roman Josi 60 1 2 2
2 Zach Werenski Quinn Hughes 40 1 2 2
Penalty Kill 4 Players Forward
Center Wing Time % Phy DF OF
1 Nick Bonino Kevin Hayes 60 1 2 2
2 Ryan O'Reilly Kyle Connor 40 1 2 2
Penalty Kill 4 Players Defense
Defense Defense Time % Phy DF OF
1 Roman Josi Victor Hedman 60 1 2 2
2 Zach Werenski Martin Fehervary 40 1 2 2
Penalty Kill - 3 Players Forward
Forward Time % Phy DF OF
1 Kevin Hayes 60 1 2 2
2 Ryan O'Reilly 40 1 2 2
Penalty Kill - 3 Players Defense
Defense Defense Time % Phy DF OF
1 Roman Josi Victor Hedman 60 1 2 2
2 Zach Werenski Martin Fehervary 40 1 2 2
4 vs 4 Forward
Center Wing Time % Phy DF OF
1 Evgeny Kuznetsov David Pastrnak 60 1 2 2
2 Ryan O'Reilly Nikita Kucherov 40 1 2 2
4 vs 4 Defense
Defense Defense Time % Phy DF OF
1 Zach Werenski Roman Josi 60 1 2 2
2 Victor Hedman Quinn Hughes 40 1 2 2
Last Minutes Offensive
Center Left Wing Right Wing Defense Defense
Evgeny Kuznetsov Kyle Connor Nikita Kucherov Victor Hedman Roman Josi
Last Minutes Defensive
Center Left Wing Right Wing Defense Defense
Evgeny Kuznetsov Kyle Connor Nikita Kucherov Victor Hedman Roman Josi
Goaltenders
Starting : Andrei Vasilevskiy
Backup : Ilya Samsonov
Extra Forwards
Normal : Jesper Bratt, Tim Stutzle, Nick Schmaltz - PP : Jesper Bratt, Tim Stutzle - PK : Kevin Hayes
Extra Defensemen
Normal : Shea Theodore, Roman Josi, Zach Werenski - PP : Shea Theodore - PK : Roman Josi, Zach Werenski
Penalty Shots
Kevin Hayes, Jesper Bratt, Evgeny Kuznetsov, Tim Stutzle, Jakub Vrana
% Time on Ice - Calgary Flames
Lines # - Real PCT - Wanted PCT - Time Play
Normal Forward
1 - 29% - 34% - 14:50
2 - 31% - 33% - 15:43
3 - 27% - 25% - 13:32
4 - 13% - 8% - 6:28
Normal Defense
1 - 33% - 30% - 16:30
2 - 31% - 30% - 15:42
3 - 29% - 30% - 14:42
4 - 7% - 10% - 3:39
PP Forward
1 - 49% - 50% - 1:07
2 - 51% - 50% - 1:11
PP Defense
1 - 60% - 50% - 1:23
2 - 40% - 50% - 0:55
PK Forward
1 - 74% - 60% - 4:25
2 - 26% - 40% - 1:32
PK Defense
1 - 48% - 60% - 2:52
2 - 52% - 40% - 3:05
PK3 Forward
1 - 0% - 60%
2 - 0% - 40%
PK3 Defense
1 - 0% - 60%
2 - 0% - 40%
44 Forward
1 - 0% - 60%
2 - 0% - 40%
44 Defense
1 - 0% - 60%
2 - 0% - 40%
Last Minute Offensive - 1:12
Last Minute Defensive - 0:00
Total
Forward - 60:00
Defense - 60:00
|
% Time on Ice - Colorado Rockies
Lines # - Real PCT - Wanted PCT - Time Play
Normal Forward
1 - 33% - 40% - 16:45
2 - 35% - 33% - 17:32
3 - 19% - 20% - 9:40
4 - 13% - 7% - 6:36
Normal Defense
1 - 42% - 42% - 21:04
2 - 35% - 31% - 17:49
3 - 23% - 20% - 11:40
4 - 0% - 7% - 0:00
PP Forward
1 - 56% - 58% - 3:20
2 - 44% - 42% - 2:37
PP Defense
1 - 61% - 60% - 3:38
2 - 39% - 40% - 2:19
PK Forward
1 - 88% - 60% - 2:02
2 - 12% - 40% - 0:16
PK Defense
1 - 57% - 60% - 1:18
2 - 43% - 40% - 1:00
PK3 Forward
1 - 0% - 60%
2 - 0% - 40%
PK3 Defense
1 - 0% - 60%
2 - 0% - 40%
44 Forward
1 - 0% - 60%
2 - 0% - 40%
44 Defense
1 - 0% - 60%
2 - 0% - 40%
Last Minute Offensive - 0:00
Last Minute Defensive - 1:12
Total
Forward - 60:00
Defense - 60:00
|
Play-by-Play
1st period
0:01 of 1st period - J.T. Miller wins face-off versus Evgeny Kuznetsov in neutral zone.
0:15 of 1st period - Minor Penalty to Drew Doughty for Interference.
0:16 of 1st period - Evgeny Kuznetsov wins face-off versus Logan Couture in Calgary Flames zone.
1:03 of 1st period - Zach Werenski is hit by Jeff Petry and loses puck.
1:58 of 1st period - Sebastian Aho is hit by Evgeny Kuznetsov and loses puck.
2:15 of 1st period - Penalty to Drew Doughty is over, Drew Doughty is back on ice.
3:10 of 1st period - Tim Stutzle is hit by Max Pacioretty and loses puck.
3:21 of 1st period - Garnet Hathaway is hit by Kevin Hayes and loses puck.
3:57 of 1st period - Icing by Sebastian Aho.
3:58 of 1st period - Nikita Kucherov wins face-off versus J.T. Miller in Calgary Flames zone.
4:05 of 1st period - Wrist shot by Nikita Kucherov.
4:05 of 1st period - Shot Blocked by Kris Russell.
4:07 of 1st period - Snap shot by Nikita Kucherov.
4:07 of 1st period - Stopped by Sam Montembeault with a rebound.
4:17 of 1st period - Victor Hedman is hit by Kris Russell and loses puck.
4:28 of 1st period - Snap shot by Joel Eriksson Ek.
4:28 of 1st period - Stopped by Andrei Vasilevskiy without a rebound.
4:29 of 1st period - Ryan O'Reilly wins face-off versus Sebastian Aho in Colorado Rockies zone.
4:56 of 1st period - Ryan Ellis is hit by Zach Werenski and loses puck.
6:01 of 1st period - Slapshot by David Pastrnak.
6:01 of 1st period - Shot Misses the Net.
6:03 of 1st period - Wrist shot by Nick Schmaltz.
6:03 of 1st period - Stopped by Sam Montembeault with a rebound.
6:05 of 1st period - Slapshot by Roman Josi.
6:05 of 1st period - Shot Misses the Net.
6:07 of 1st period - Slapshot by Victor Hedman.
6:07 of 1st period - Shot Blocked by Zach Hyman.
6:13 of 1st period - Backhand shot by Nick Schmaltz.
6:13 of 1st period - Stopped by Sam Montembeault with a rebound.
6:23 of 1st period - Wrist shot by Evgeny Kuznetsov.
6:23 of 1st period - Stopped by Sam Montembeault with a rebound.
6:50 of 1st period - Quinn Hughes is hit by Timo Meier and loses puck.
7:09 of 1st period - Snap shot by Ryan O'Reilly.
7:09 of 1st period - Shot Misses the Net.
7:15 of 1st period - Ryan O'Reilly is hit by Garnet Hathaway and loses puck.
7:26 of 1st period - David Pastrnak is hit by Sebastian Aho and loses puck.
7:49 of 1st period - Wrist shot by Kyle Connor.
7:49 of 1st period - Shot Misses the Net.
8:10 of 1st period - Snap shot by Jesper Bratt.
8:10 of 1st period - Shot Misses the Net.
8:12 of 1st period - Slapshot by Quinn Hughes.
8:12 of 1st period - Deflect By Dylan Strome.
8:12 of 1st period - Shot Misses the Net.
8:12 of 1st period - Puck is out of play.
8:13 of 1st period - Dylan Strome wins face-off versus Sebastian Aho in Calgary Flames zone.
8:16 of 1st period - Wrist shot by Jesper Bratt.
8:16 of 1st period - Stopped by Sam Montembeault with a rebound.
8:31 of 1st period - Roman Josi is hit by Jeff Petry and loses puck.
8:45 of 1st period - Off-side.
8:46 of 1st period - Evgeny Kuznetsov wins face-off versus J.T. Miller in neutral zone.
8:59 of 1st period - Wrist shot by J.T. Miller.
8:59 of 1st period - Deflect By Timo Meier.
8:59 of 1st period - Shot Misses the Net.
8:59 of 1st period - Puck is out of play.
9:00 of 1st period - Sebastian Aho wins face-off versus Evgeny Kuznetsov in Colorado Rockies zone.
9:15 of 1st period - Wrist shot by Evgeny Kuznetsov.
9:15 of 1st period - Shot Misses the Net.
10:34 of 1st period - Snap shot by Kyle Connor.
10:34 of 1st period - Shot Misses the Net.
11:06 of 1st period - Wrist shot by David Pastrnak.
11:06 of 1st period - Stopped by Sam Montembeault without a rebound.
11:07 of 1st period - Sebastian Aho wins face-off versus Evgeny Kuznetsov in Calgary Flames zone.
11:12 of 1st period - Slapshot by Sebastian Aho.
11:12 of 1st period - Stopped by Andrei Vasilevskiy with a rebound.
11:14 of 1st period - Slapshot by Jeff Petry.
11:14 of 1st period - Stopped by Andrei Vasilevskiy without a rebound.
11:15 of 1st period - Evgeny Kuznetsov wins face-off versus Valeri Nichushkin in Colorado Rockies zone.
12:18 of 1st period - Snap shot by Sebastian Aho.
12:18 of 1st period - Stopped by Andrei Vasilevskiy without a rebound.
12:19 of 1st period - Logan Couture wins face-off versus Nick Schmaltz in Colorado Rockies zone.
12:53 of 1st period - Snap shot by Jesper Bratt.
12:53 of 1st period - Shot Misses the Net.
12:55 of 1st period - Snap shot by Zach Werenski.
12:55 of 1st period - Stopped by Sam Montembeault with a rebound.
13:12 of 1st period - Snap shot by Jakub Vrana.
13:12 of 1st period - Stopped by Sam Montembeault with a rebound.
13:22 of 1st period - Wrist shot by David Pastrnak.
13:22 of 1st period - Stopped by Sam Montembeault without a rebound.
13:23 of 1st period - Logan Couture wins face-off versus Ryan O'Reilly in Calgary Flames zone.
13:33 of 1st period - Mathieu Joseph is hit by Nick Schmaltz and loses puck.
14:10 of 1st period - Wrist shot by Logan Couture.
14:10 of 1st period - Shot Misses the Net.
14:20 of 1st period - Wrist shot by David Pastrnak.
14:20 of 1st period - Shot Blocked by Mathieu Joseph.
14:24 of 1st period - Snap shot by David Pastrnak.
14:24 of 1st period - Stopped by Sam Montembeault without a rebound.
14:25 of 1st period - J.T. Miller wins face-off versus Nikita Kucherov in Calgary Flames zone.
14:27 of 1st period - Minor Penalty to Timo Meier for Holding Stick.
14:28 of 1st period - Evgeny Kuznetsov wins face-off versus Logan Couture in Calgary Flames zone.
14:40 of 1st period - Wrist shot by Evgeny Kuznetsov.
14:40 of 1st period - Shot Misses the Net.
14:42 of 1st period - Wrist shot by Victor Hedman.
14:42 of 1st period - Shot Blocked by Zach Hyman.
16:27 of 1st period - Penalty to Timo Meier is over, Timo Meier is back on ice.
16:49 of 1st period - Slapshot by Jakub Vrana.
16:49 of 1st period - Stopped by Sam Montembeault with a rebound.
17:10 of 1st period - Tim Stutzle is hit by Mathieu Joseph and loses puck.
18:13 of 1st period - Wrist shot by Logan Couture.
18:13 of 1st period - Stopped by Andrei Vasilevskiy without a rebound.
18:14 of 1st period - Nick Bonino wins face-off versus Sebastian Aho in Colorado Rockies zone.
18:14 of 1st period - Nick Bonino is hit by Sebastian Aho.
18:32 of 1st period - Snap shot by Timo Meier.
18:32 of 1st period - Shot Blocked by Shea Theodore.
18:34 of 1st period - Wrist shot by Max Pacioretty.
18:34 of 1st period - Stopped by Andrei Vasilevskiy with a rebound.
18:36 of 1st period - Snap shot by J.T. Miller.
18:36 of 1st period - Shot Blocked by Evgeny Kuznetsov.
18:38 of 1st period - Slapshot by Kris Russell.
18:38 of 1st period - Stopped by Andrei Vasilevskiy without a rebound.
18:39 of 1st period - J.T. Miller wins face-off versus Evgeny Kuznetsov in Colorado Rockies zone.
18:52 of 1st period - Snap shot by Roman Josi.
18:52 of 1st period - Deflect By Kyle Connor.
18:52 of 1st period - Stopped by Sam Montembeault with a rebound.
19:37 of 1st period - Slapshot by Tim Stutzle.
19:37 of 1st period - Shot Misses the Net.
Goals for this period are 0 for Calgary Flames vs 0 for Colorado Rockies.
Shots for this period are 7 for Calgary Flames vs 12 for Colorado Rockies.
2nd period
0:01 of 2nd period - Evgeny Kuznetsov wins face-off versus J.T. Miller in neutral zone.
0:26 of 2nd period - Evgeny Kuznetsov is hit by Ryan McDonagh and loses puck.
0:43 of 2nd period - Jeff Petry is hit by Nikita Kucherov and loses puck.
0:54 of 2nd period - Snap shot by Evgeny Kuznetsov.
0:54 of 2nd period - Goal by Evgeny Kuznetsov - Calgary Flames : 0 - Colorado Rockies : 1.
0:55 of 2nd period - Sebastian Aho wins face-off versus Ryan O'Reilly in neutral zone.
1:06 of 2nd period - Snap shot by David Pastrnak.
1:06 of 2nd period - Stopped by Sam Montembeault with a rebound.
1:08 of 2nd period - Wrist shot by Ryan O'Reilly.
1:08 of 2nd period - Shot Misses the Net.
1:10 of 2nd period - Wrist shot by Nick Schmaltz.
1:10 of 2nd period - Stopped by Sam Montembeault with a rebound.
1:12 of 2nd period - Snap shot by Ryan O'Reilly.
1:12 of 2nd period - Stopped by Sam Montembeault without a rebound.
1:13 of 2nd period - J.T. Miller wins face-off versus Nikita Kucherov in Calgary Flames zone.
1:28 of 2nd period - Snap shot by Timo Meier.
1:28 of 2nd period - Stopped by Andrei Vasilevskiy without a rebound.
1:29 of 2nd period - Ryan O'Reilly wins face-off versus Sebastian Aho in Colorado Rockies zone.
1:56 of 2nd period - Nikita Kucherov is hit by Ryan McDonagh and loses puck.
2:50 of 2nd period - Garnet Hathaway is hit by Kevin Hayes and loses puck.
3:12 of 2nd period - Snap shot by Valeri Nichushkin.
3:12 of 2nd period - Stopped by Andrei Vasilevskiy with a rebound.
3:22 of 2nd period - Kyle Connor is hit by J.T. Miller and loses puck.
4:32 of 2nd period - Nick Schmaltz is hit by J.T. Miller and loses puck.
4:49 of 2nd period - Nic Dowd is hit by Evgeny Kuznetsov and loses puck.
5:36 of 2nd period - Wrist shot by J.T. Miller.
5:36 of 2nd period - Shot Misses the Net.
6:36 of 2nd period - Slapshot by Drew Doughty.
6:36 of 2nd period - Shot Misses the Net.
6:38 of 2nd period - Snap shot by Jeff Petry.
6:38 of 2nd period - Stopped by Andrei Vasilevskiy without a rebound.
6:39 of 2nd period - Sebastian Aho wins face-off versus Ryan O'Reilly in Colorado Rockies zone.
6:51 of 2nd period - Off-side.
6:52 of 2nd period - J.T. Miller wins face-off versus Evgeny Kuznetsov in neutral zone.
6:52 of 2nd period - J.T. Miller is hit by Evgeny Kuznetsov.
7:00 of 2nd period - Slapshot by J.T. Miller.
7:00 of 2nd period - Stopped by Andrei Vasilevskiy without a rebound.
7:01 of 2nd period - J.T. Miller wins face-off versus Evgeny Kuznetsov in Colorado Rockies zone.
7:14 of 2nd period - Wrist shot by J.T. Miller.
7:14 of 2nd period - Stopped by Andrei Vasilevskiy without a rebound.
7:15 of 2nd period - Sebastian Aho wins face-off versus Nikita Kucherov in Colorado Rockies zone.
7:42 of 2nd period - Drew Doughty is hit by Dylan Strome and loses puck.
8:25 of 2nd period - Logan Couture is hit by Nick Bonino and loses puck.
8:32 of 2nd period - Slapshot by Jakub Vrana.
8:32 of 2nd period - Shot Blocked by Ryan McDonagh.
8:44 of 2nd period - Snap shot by Nic Dowd.
8:44 of 2nd period - Stopped by Andrei Vasilevskiy with a rebound.
8:54 of 2nd period - Slapshot by Kyle Connor.
8:54 of 2nd period - Shot Blocked by Kris Russell.
9:09 of 2nd period - Icing by Victor Hedman.
9:10 of 2nd period - J.T. Miller wins face-off versus Dylan Strome in Colorado Rockies zone.
9:15 of 2nd period - Snap shot by J.T. Miller.
9:15 of 2nd period - Shot Misses the Net.
9:17 of 2nd period - Slapshot by Ryan Ellis.
9:17 of 2nd period - Stopped by Andrei Vasilevskiy without a rebound.
9:18 of 2nd period - J.T. Miller wins face-off versus Kyle Connor in Colorado Rockies zone.
10:24 of 2nd period - Icing by Shea Theodore.
10:25 of 2nd period - Nic Dowd wins face-off versus Ryan O'Reilly in Colorado Rockies zone.
11:25 of 2nd period - Snap shot by Mathieu Joseph.
11:25 of 2nd period - Deflect By Quinn Hughes.
11:25 of 2nd period - Shot Blocked by Quinn Hughes.
11:25 of 2nd period - Puck is out of play.
11:26 of 2nd period - Sebastian Aho wins face-off versus Evgeny Kuznetsov in Colorado Rockies zone.
11:33 of 2nd period - Slapshot by Zach Hyman.
11:33 of 2nd period - Shot Misses the Net.
11:35 of 2nd period - Snap shot by Valeri Nichushkin.
11:35 of 2nd period - Shot Hit the Post.
11:37 of 2nd period - Slapshot by Sebastian Aho.
11:37 of 2nd period - Goal by Sebastian Aho - Calgary Flames : 1 - Colorado Rockies : 1.
11:38 of 2nd period - J.T. Miller wins face-off versus Evgeny Kuznetsov in neutral zone.
12:41 of 2nd period - Slapshot by Zach Werenski.
12:41 of 2nd period - Stopped by Sam Montembeault with a rebound.
13:35 of 2nd period - Off-side.
13:36 of 2nd period - Sebastian Aho wins face-off versus Dylan Strome in neutral zone.
13:39 of 2nd period - Snap shot by Zach Hyman.
13:39 of 2nd period - Stopped by Andrei Vasilevskiy without a rebound.
13:40 of 2nd period - Sebastian Aho wins face-off versus Evgeny Kuznetsov in Colorado Rockies zone.
13:53 of 2nd period - Snap shot by Nikita Kucherov.
13:53 of 2nd period - Shot Blocked by Travis Sanheim.
13:55 of 2nd period - Minor Penalty to Travis Sanheim for Interference.
13:56 of 2nd period - Logan Couture wins face-off versus Evgeny Kuznetsov in Calgary Flames zone.
14:03 of 2nd period - Victor Hedman is hit by Zach Hyman and loses puck.
14:16 of 2nd period - Zach Hyman is hit by Nikita Kucherov and loses puck.
15:49 of 2nd period - Sebastian Aho is hit by Nikita Kucherov and loses puck.
15:55 of 2nd period - Penalty to Travis Sanheim is over, Travis Sanheim is back on ice.
16:22 of 2nd period - Snap shot by Nic Dowd.
16:22 of 2nd period - Shot Blocked by Shea Theodore.
16:24 of 2nd period - Snap shot by Nic Dowd.
16:24 of 2nd period - Shot Misses the Net.
16:26 of 2nd period - Snap shot by Nic Dowd.
16:26 of 2nd period - Shot Misses the Net.
16:33 of 2nd period - Icing by Jakub Vrana.
16:34 of 2nd period - Logan Couture wins face-off versus Nick Bonino in Colorado Rockies zone.
16:41 of 2nd period - Snap shot by Joel Eriksson Ek.
16:41 of 2nd period - Stopped by Andrei Vasilevskiy without a rebound.
16:42 of 2nd period - Evgeny Kuznetsov wins face-off versus J.T. Miller in Colorado Rockies zone.
16:49 of 2nd period - Timo Meier is hit by Roman Josi and loses puck.
17:17 of 2nd period - Icing by David Pastrnak.
17:18 of 2nd period - Ryan O'Reilly wins face-off versus Logan Couture in Colorado Rockies zone.
18:47 of 2nd period - Off-side.
18:48 of 2nd period - Ryan O'Reilly wins face-off versus Logan Couture in neutral zone.
18:51 of 2nd period - Joel Eriksson Ek is hit by Shea Theodore and loses puck.
19:20 of 2nd period - Snap shot by Joel Eriksson Ek.
19:20 of 2nd period - Shot Misses the Net.
19:28 of 2nd period - Wrist shot by David Pastrnak.
19:28 of 2nd period - Goal by David Pastrnak - Calgary Flames : 1 - Colorado Rockies : 2.
19:29 of 2nd period - Evgeny Kuznetsov wins face-off versus Sebastian Aho in neutral zone.
Goals for this period are 1 for Calgary Flames vs 2 for Colorado Rockies.
Shots for this period are 10 for Calgary Flames vs 6 for Colorado Rockies.
3rd period
0:01 of 3rd period - Evgeny Kuznetsov wins face-off versus Timo Meier in neutral zone.
0:16 of 3rd period - Wrist shot by Evgeny Kuznetsov.
0:16 of 3rd period - Shot Misses the Net.
0:23 of 3rd period - Icing by Timo Meier.
0:24 of 3rd period - Ryan O'Reilly wins face-off versus Sebastian Aho in Calgary Flames zone.
0:27 of 3rd period - Snap shot by David Pastrnak.
0:27 of 3rd period - Shot Blocked by Valeri Nichushkin.
0:41 of 3rd period - Snap shot by Zach Hyman.
0:41 of 3rd period - Shot Misses the Net.
1:11 of 3rd period - Max Pacioretty is hit by Nick Schmaltz and loses puck.
1:18 of 3rd period - Slapshot by Ryan McDonagh.
1:18 of 3rd period - Shot Misses the Net.
1:20 of 3rd period - Snap shot by Timo Meier.
1:20 of 3rd period - Goal by Timo Meier - Calgary Flames : 2 - Colorado Rockies : 2.
1:21 of 3rd period - Sebastian Aho wins face-off versus Evgeny Kuznetsov in neutral zone.
1:23 of 3rd period - Off-side.
1:24 of 3rd period - Evgeny Kuznetsov wins face-off versus Sebastian Aho in neutral zone.
1:31 of 3rd period - Snap shot by Nikita Kucherov.
1:31 of 3rd period - Stopped by Sam Montembeault without a rebound.
1:32 of 3rd period - J.T. Miller wins face-off versus Evgeny Kuznetsov in Calgary Flames zone.
1:32 of 3rd period - J.T. Miller is hit by Kyle Connor.
1:38 of 3rd period - Snap shot by J.T. Miller.
1:38 of 3rd period - Shot Misses the Net.
2:23 of 3rd period - Snap shot by Tim Stutzle.
2:23 of 3rd period - Shot Misses the Net.
2:41 of 3rd period - Snap shot by Jesper Bratt.
2:41 of 3rd period - Stopped by Sam Montembeault with a rebound.
3:05 of 3rd period - Timo Meier is hit by Victor Hedman and loses puck.
3:46 of 3rd period - Snap shot by Joel Eriksson Ek.
3:46 of 3rd period - Stopped by Andrei Vasilevskiy with a rebound.
4:00 of 3rd period - Wrist shot by Ryan O'Reilly.
4:00 of 3rd period - Stopped by Sam Montembeault with a rebound.
4:02 of 3rd period - Wrist shot by Nick Schmaltz.
4:02 of 3rd period - Stopped by Sam Montembeault with a rebound.
4:04 of 3rd period - Snap shot by Ryan O'Reilly.
4:04 of 3rd period - Stopped by Sam Montembeault with a rebound.
4:06 of 3rd period - Wrist shot by Nick Schmaltz.
4:06 of 3rd period - Shot Blocked by Mathieu Joseph.
4:08 of 3rd period - Snap shot by Shea Theodore.
4:08 of 3rd period - Shot Misses the Net.
4:10 of 3rd period - Snap shot by Ryan O'Reilly.
4:10 of 3rd period - Goal by Ryan O'Reilly - Calgary Flames : 2 - Colorado Rockies : 3.
4:11 of 3rd period - J.T. Miller wins face-off versus Evgeny Kuznetsov in neutral zone.
4:23 of 3rd period - Off-side.
4:24 of 3rd period - Sebastian Aho wins face-off versus Evgeny Kuznetsov in neutral zone.
4:55 of 3rd period - Snap shot by J.T. Miller.
4:55 of 3rd period - Stopped by Andrei Vasilevskiy without a rebound.
4:56 of 3rd period - Tim Stutzle wins face-off versus J.T. Miller in Colorado Rockies zone.
5:07 of 3rd period - Snap shot by Drew Doughty.
5:07 of 3rd period - Deflect By Max Pacioretty.
5:07 of 3rd period - Shot Misses the Net.
5:07 of 3rd period - Puck is out of play.
5:08 of 3rd period - Evgeny Kuznetsov wins face-off versus Sebastian Aho in Colorado Rockies zone.
5:08 of 3rd period - Evgeny Kuznetsov is hit by Valeri Nichushkin.
5:44 of 3rd period - Snap shot by J.T. Miller.
5:44 of 3rd period - Stopped by Andrei Vasilevskiy with a rebound.
5:46 of 3rd period - Snap shot by J.T. Miller.
5:46 of 3rd period - Shot Misses the Net.
5:48 of 3rd period - Snap shot by Max Pacioretty.
5:48 of 3rd period - Stopped by Andrei Vasilevskiy with a rebound.
6:28 of 3rd period - Wrist shot by Jakub Vrana.
6:28 of 3rd period - Shot Misses the Net.
6:53 of 3rd period - Ryan Ellis is hit by Shea Theodore and loses puck.
7:32 of 3rd period - Wrist shot by Logan Couture.
7:32 of 3rd period - Stopped by Andrei Vasilevskiy with a rebound.
7:34 of 3rd period - Slapshot by Ryan Ellis.
7:34 of 3rd period - Shot Blocked by Jesper Bratt.
8:09 of 3rd period - Wrist shot by Nikita Kucherov.
8:09 of 3rd period - Stopped by Sam Montembeault without a rebound.
8:10 of 3rd period - Sebastian Aho wins face-off versus Evgeny Kuznetsov in Calgary Flames zone.
8:19 of 3rd period - Wrist shot by Valeri Nichushkin.
8:19 of 3rd period - Deflect By Zach Hyman.
8:19 of 3rd period - Shot Misses the Net.
8:19 of 3rd period - Puck is out of play.
8:20 of 3rd period - Evgeny Kuznetsov wins face-off versus Sebastian Aho in Colorado Rockies zone.
8:57 of 3rd period - Wrist shot by J.T. Miller.
8:57 of 3rd period - Shot Misses the Net.
8:59 of 3rd period - Slapshot by Timo Meier.
8:59 of 3rd period - Shot Misses the Net.
9:36 of 3rd period - Kyle Connor is hit by Jeff Petry and loses puck.
10:01 of 3rd period - Wrist shot by Kevin Hayes.
10:01 of 3rd period - Shot Misses the Net.
10:07 of 3rd period - Wrist shot by Kevin Hayes.
10:07 of 3rd period - Deflect By Sebastian Aho.
10:07 of 3rd period - Shot Misses the Net.
10:07 of 3rd period - Puck is out of play.
10:08 of 3rd period - J.T. Miller wins face-off versus Evgeny Kuznetsov in Calgary Flames zone.
10:58 of 3rd period - Sebastian Aho is hit by Shea Theodore and loses puck.
11:03 of 3rd period - Snap shot by David Pastrnak.
11:03 of 3rd period - Shot Misses the Net.
11:05 of 3rd period - Slapshot by David Pastrnak.
11:05 of 3rd period - Shot Blocked by Sebastian Aho.
11:07 of 3rd period - Snap shot by David Pastrnak.
11:07 of 3rd period - Shot Misses the Net.
11:09 of 3rd period - Slapshot by Roman Josi.
11:09 of 3rd period - Shot Misses the Net.
11:11 of 3rd period - Snap shot by Nick Schmaltz.
11:11 of 3rd period - Shot Misses the Net.
11:13 of 3rd period - Slapshot by Victor Hedman.
11:13 of 3rd period - Shot Misses the Net.
11:15 of 3rd period - Slapshot by Victor Hedman.
11:15 of 3rd period - Shot Blocked by Travis Sanheim.
11:23 of 3rd period - Valeri Nichushkin is hit by Ryan O'Reilly and loses puck.
11:52 of 3rd period - Snap shot by Sebastian Aho.
11:52 of 3rd period - Stopped by Andrei Vasilevskiy without a rebound.
11:53 of 3rd period - J.T. Miller wins face-off versus Evgeny Kuznetsov in Colorado Rockies zone.
12:10 of 3rd period - Slapshot by Nikita Kucherov.
12:10 of 3rd period - Shot Misses the Net.
12:27 of 3rd period - Wrist shot by Jakub Vrana.
12:27 of 3rd period - Shot Misses the Net.
12:32 of 3rd period - Minor Penalty to Zach Werenski for Tripping.
12:33 of 3rd period - Nick Bonino wins face-off versus J.T. Miller in Colorado Rockies zone.
12:47 of 3rd period - Wrist shot by Timo Meier.
12:47 of 3rd period - Shot Blocked by Victor Hedman.
14:32 of 3rd period - Penalty to Zach Werenski is over, Zach Werenski is back on ice.
14:49 of 3rd period - Travis Sanheim is hit by Kyle Connor and loses puck.
15:56 of 3rd period - Wrist shot by Max Pacioretty.
15:56 of 3rd period - Stopped by Andrei Vasilevskiy without a rebound.
15:57 of 3rd period - Nikita Kucherov wins face-off versus Max Pacioretty in Colorado Rockies zone.
15:59 of 3rd period - Minor Penalty to Quinn Hughes for Roughing.
16:00 of 3rd period - Joel Eriksson Ek wins face-off versus Nick Bonino in Colorado Rockies zone.
16:02 of 3rd period - Snap shot by Zach Hyman.
16:02 of 3rd period - Stopped by Andrei Vasilevskiy without a rebound.
16:03 of 3rd period - Nick Bonino wins face-off versus Joel Eriksson Ek in Colorado Rockies zone.
16:14 of 3rd period - Snap shot by Joel Eriksson Ek.
16:14 of 3rd period - Shot Misses the Net.
16:16 of 3rd period - Snap shot by Joel Eriksson Ek.
16:16 of 3rd period - Shot Misses the Net.
16:18 of 3rd period - Wrist shot by Timo Meier.
16:18 of 3rd period - Goal by Timo Meier - Calgary Flames : 3 - Colorado Rockies : 3.
16:19 of 3rd period - Logan Couture wins face-off versus Tim Stutzle in neutral zone.
16:19 of 3rd period - Logan Couture is hit by Victor Hedman.
16:52 of 3rd period - Snap shot by Nikita Kucherov.
16:52 of 3rd period - Shot Misses the Net.
16:54 of 3rd period - Slapshot by Kyle Connor.
16:54 of 3rd period - Stopped by Sam Montembeault with a rebound.
16:56 of 3rd period - Wrist shot by Martin Fehervary.
16:56 of 3rd period - Goal by Martin Fehervary - Calgary Flames : 3 - Colorado Rockies : 4.
16:57 of 3rd period - Logan Couture wins face-off versus Tim Stutzle in neutral zone.
17:00 of 3rd period - Slapshot by Jeff Petry.
17:00 of 3rd period - Stopped by Andrei Vasilevskiy without a rebound.
17:01 of 3rd period - Logan Couture wins face-off versus Dylan Strome in Colorado Rockies zone.
17:34 of 3rd period - Wrist shot by Nick Schmaltz.
17:34 of 3rd period - Shot Hit the Post.
17:40 of 3rd period - David Pastrnak is hit by Jeff Petry and loses puck.
17:53 of 3rd period - Snap shot by Logan Couture.
17:53 of 3rd period - Shot Misses the Net.
17:55 of 3rd period - Wrist shot by Joel Eriksson Ek.
17:55 of 3rd period - Stopped by Andrei Vasilevskiy with a rebound.
18:45 of 3rd period - Slapshot by Drew Doughty.
18:45 of 3rd period - Stopped by Andrei Vasilevskiy with a rebound.
18:47 of 3rd period - Slapshot by Drew Doughty.
18:47 of 3rd period - Deflect By Logan Couture.
18:47 of 3rd period - Shot Misses the Net.
18:47 of 3rd period - Puck is out of play.
18:48 of 3rd period - Bruce Boudreau call a timeout for Calgary Flames.
18:48 of 3rd period - J.T. Miller wins face-off versus Evgeny Kuznetsov in Colorado Rockies zone.
18:49 of 3rd period - Wrist shot by Zach Hyman.
18:49 of 3rd period - Shot Misses the Net.
18:51 of 3rd period - Slapshot by Ryan McDonagh.
18:51 of 3rd period - Stopped by Andrei Vasilevskiy with a rebound.
18:53 of 3rd period - Slapshot by Kris Russell.
18:53 of 3rd period - Deflect By Zach Hyman.
18:53 of 3rd period - Shot Misses the Net.
18:53 of 3rd period - Puck is out of play.
18:54 of 3rd period - J.T. Miller wins face-off versus Evgeny Kuznetsov in Colorado Rockies zone.
19:01 of 3rd period - Calgary Flames, Sam Montembeault is pulled from the net.
19:25 of 3rd period - Wrist shot by Sebastian Aho.
19:25 of 3rd period - Stopped by Andrei Vasilevskiy with a rebound.
Goals for this period are 2 for Calgary Flames vs 2 for Colorado Rockies.
Shots for this period are 15 for Calgary Flames vs 9 for Colorado Rockies.
Back to the Top